 Dungeon Crawl Stone Soup version 0.25.0-10-g039870ee82 (webtiles) character file.

Game seed: 4617467652441246109

2846 mopl the Covert (level 9, -7/51 HPs)
             Began as an Octopode Enchanter on June 22, 2020.
             Mangled by Harold
             ... wielding a +2 long sword of freezing
              (18 damage)
             ... on level 7 of the Dungeon.
             The game lasted 00:11:01 (7305 turns).

mopl the Covert (Octopode Enchanter)                Turns: 7305, Time: 00:11:01

Health: -7/51      AC:  1    Str:  3    XL:     9   Next: 74%
Magic:  17/18      EV: 13    Int: 20    God:
Gold:   349        SH:  0    Dex: 15    Spells: 9/21 levels left

rFire    . . .     SeeInvis .   b - +5 rapier "Worm's Wrath" {flame, +Inv rN++ Str-5 Int+3}
rCold    . . .     Gourm    .   (no shield)
rNeg     + + +     Faith    .   (helmet restricted)
rPois    .         Spirit   .   (no amulet)
rElec    .         Reflect  .   n - ring of positive energy
rCorr    +         Harm     .   d - ring of resist corrosion
MR       .....                  (no ring)
Stlth    +++++.....             (no ring)
HPRegen  0.17/turn              (no ring)
MPRegen  0.16/turn              (no ring)
                                (no ring)
                                (no ring)

@: very slightly contaminated, invisible
A: almost no armour, stealthy swim, amphibious, 8 rings, constrict 8, camouflage
1, gelatinous body 1
a: no special abilities


You were on level 7 of the Dungeon.
You were not hungry.

You visited 1 branch of the dungeon, and saw 7 of its levels.

You collected 349 gold pieces.

Inventory:

Hand Weapons
 a - a +1 dagger
 b - the +5 rapier "Worm's Wrath" (weapon) {flame, +Inv rN++ Str-5 Int+3}
   (You found it on level 6 of the Dungeon)

   It has been specially enchanted to burn those struck by it, causing extra
   injury to most foes and up to half again as much damage against particularly
   susceptible opponents.
   It affects your strength (-5).
   It affects your intelligence (+3).
   It greatly protects you from negative energy.
   It lets you turn invisible.
 A - a +0 dagger of pain
Missiles
 k - 36 poisoned darts (quivered)
 s - 10 javelins
 w - 7 boomerangs
Jewellery
 d - a ring of resist corrosion (right tentacle)
 n - a ring of positive energy (left tentacle)
Wands
 f - a wand of iceblast (11)
Scrolls
 e - 2 scrolls of fog {unknown}
 j - a scroll of fear {unknown}
 m - 6 scrolls of remove curse
 p - 3 scrolls of immolation {unknown}
 r - 2 scrolls of random uselessness {unknown}
 v - 3 scrolls of acquirement {unknown}
 y - 3 scrolls of teleportation {unknown}
 z - a scroll of brand weapon {unknown}
 C - a scroll of noise {unknown}
 D - a scroll of enchant armour {unknown}
Potions
 g - a potion of lignification
 h - a potion of haste
 i - 2 potions of might
 l - a potion of heal wounds
 o - a potion of stabbing
 q - a potion of invisibility
 t - 3 potions of mutation {unknown}
 u - 2 potions of flight {unknown}
 x - a potion of brilliance
 B - a potion of curing
Comestibles
 c - 13 rations


   Skills:
 - Level 1.0 Short Blades
 - Level 2.0 Dodging
 * Level 10.2 Stealth
 * Level 6.5 Spellcasting
 - Level 3.0 Conjurations
 * Level 7.3 Hexes
 - Level 4.0 Ice Magic
 + Level 2.8 Evocations


You had 9 spell levels left.
You knew the following spells:

 Your Spells              Type           Power        Failure   Level  Hunger
a - Corona                Hex            #####..      1%          1    None
b - Ensorcelled Hibernat  Hex/Ice        ####..       1%          2    None
c - Confusing Touch       Hex            #####...     1%          3    #......
d - Tukima's Dance        Hex            #####...     1%          3    #......
f - Dazzling Flash        Conj/Hex       ####..       3%          3    #......

Your spell library contained the following spells:

 Spells                   Type           Power        Failure   Level  Hunger


Dungeon Overview and Level Annotations

Branches:
Dungeon (7/15)
 Temple: D:4-7

Altars:
Hepliaklqana
Ru

Annotations:
D:7 Harold


Innate Abilities, Weirdness & Mutations

You cannot wear most types of armour.
You are very stealthy in the water. (Stealth+)
You are amphibious.
You can wear up to eight rings at the same time.
You can use your tentacles to constrict eight enemies at once.
Your skin changes colour to match your surroundings (Stealth+).
Your rubbery body absorbs attacks. (AC +1, EV +1)


Message History

You kill the ogre!
Found 9 gold pieces.
The helpless Harold fails to defend himself.
You impale Harold!! You burn Harold. You grab Harold.
Harold is heavily wounded.
You constrict Harold, but do no damage.
Harold hits you with a +2 long sword of freezing!
Harold freezes you.
You catch the helpless Harold completely off-guard!
You puncture Harold! You burn Harold.
Harold is heavily wounded.
You constrict Harold, but do no damage.
Harold hits you with a +2 long sword of freezing!
Harold freezes you!
* * * LOW HITPOINT WARNING * * *
You hit Harold.
Harold is heavily wounded.
You constrict Harold, but do no damage.
Harold hits you with a +2 long sword of freezing!!
You die...

... #.# #.# #.
####$# #> ..#.# #.#
#.#.#####..
###.###.#...[....
......)..@@......###
######.###.#......##
#.# .# ##...##
#.########.....##
#...............####
########............
#.........###
#.........###
#............


You could see Harold.

Vanquished Creatures
  Pikel (D:6)
  A water moccasin (D:7)
  2 slaves
  2 orc warriors (D:6)
  5 sky beasts
  4 ogres
  A phantom (D:7)
  A bullfrog (D:4)
  2 scorpions
  2 howler monkeys
  A crimson imp (D:6)
  2 hounds
  2 centaur skeletons
  A gnoll shaman (D:4)
  A bullfrog skeleton (D:4)
  Ijyb (D:5)
  3 iguanas
  4 orc wizards
  6 worker ants
  A killer bee zombie (D:6)
  A hound zombie (D:4)
  2 hound skeletons
  4 gnolls (D:5)
  5 adders
  2 shadow imps (D:6)
  An adder zombie (D:5)
  An adder skeleton (D:4)
  2 worms
  A dart slug (D:1)
  7 leopard geckos
  15 orcs
  7 giant cockroaches
  3 goblins
  6 hobgoblins
  5 jackals (D:6)
  A quokka (D:6)
  4 bats
  7 frilled lizards
  5 kobolds
  A leopard gecko skeleton (D:5)
  A quokka skeleton (D:5)
  2 quokka zombies
  3 rats
129 creatures vanquished.

Vanquished Creatures (collateral kills)
  Sigmund (D:5)
  Crazy Yiuf (D:5)
2 creatures vanquished.

Vanquished Creatures (others)
  A dancing weapon (D:6)
  A plant (D:6)
2 creatures vanquished.

Grand Total: 133 creatures vanquished

Notes
Turn   | Place    | Note
-------+----------+-------------------------------------------
     0 | D:1      | mopl the Octopode Enchanter began the quest for the Orb.
     0 | D:1      | Reached XP level 1. HP: 11/11 MP: 3/3
   232 | D:1      | Reached XP level 2. HP: 17/17 MP: 5/5
   236 | D:1      | Learned a level 2 spell: Ensorcelled Hibernation
   860 | D:2      | Reached XP level 3. HP: 21/21 MP: 6/6
  1178 | D:2      | Found a hazy altar of Hepliaklqana.
  1440 | D:3      | Reached skill level 5 in Stealth
  1440 | D:3      | Reached XP level 4. HP: 23/27 MP: 1/8
  1580 | D:3      | Reached skill level 1 in Ice Magic
  2251 | D:4      | Reached XP level 5. HP: 16/31 MP: 9/9
  2376 | D:4      | Reached XP level 6. HP: 22/36 MP: 3/11
  2477 | D:4      | Reached skill level 6 in Stealth
  2679 | D:5      | Entered Level 5 of the Dungeon
  2719 | D:5      | Noticed Ijyb
  2720 | D:5      | Noticed a sky beast
  2833 | D:5      | Killed Ijyb
  2836 | D:5      | Killed a sky beast
  2836 | D:5      | Reached XP level 7. HP: 41/41 MP: 5/12
  3088 | D:5      | Reached skill level 7 in Stealth
  3088 | D:5      | Reached skill level 5 in Hexes
  3837 | D:5      | Noticed Sigmund
  3851 | D:5      | Learned a level 3 spell: Confusing Touch
  3855 | D:5      | Learned a level 3 spell: Tukima's Dance
  3859 | D:5      | Learned a level 3 spell: Dazzling Flash
  3865 | D:5      | Killed Sigmund
  3865 | D:5      | Reached XP level 8. HP: 42/46 MP: 7/15
  3951 | D:5      | Reached skill level 8 in Stealth
  4071 | D:5      | Reached skill level 1 in Conjurations
  4102 | D:5      | Reached skill level 5 in Spellcasting
  4201 | D:5      | Found a runed translucent door.
  4202 | D:5      | Noticed Crazy Yiuf
  4216 | D:5      | Killed Crazy Yiuf
  4683 | D:6      | Got an ancient rapier
  4686 | D:6      | Identified the +5 rapier "Worm's Wrath" {flame, +Inv rN++
                  | Str-5 Int+3} (You found it on level 6 of the Dungeon)
  5107 | D:6      | Reached skill level 1 in Evocations
  5538 | D:6      | Reached skill level 9 in Stealth
  5835 | D:6      | Reached XP level 9. HP: 17/51 MP: 15/17
  6632 | D:6      | Noticed Pikel
  6906 | D:6      | Killed Pikel
  6947 | D:7      | Reached skill level 10 in Stealth
  7207 | D:7      | Found a sacrificial altar of Ru.
  7282 | D:7      | Noticed Harold
  7305 | D:7      | Mangled by Harold

Illustrated notes

Levels and vault maps discovered:
D:1:      wheals_arrival_linesprint, layout_basic, minivault_14
D:2:      layout_loops_cross, lemuel_crystal_altar
D:3:      layout_basic
D:4:      layout_gridville
D:5:      layout_rooms, first_ration, serial_bayou_lake_a,
          uniq_crazy_yiuf_cottage, uniq_ijyb, uniq_sigmund
D:6:      layout_gridville, minmay_lizard_king, uniq_pikel
D:7:      layout_loops_ring, minmay_temple_entry_drinking_statues, basic_altar,
          uniq_harold

Skill      XL: |  1  2  3  4  5  6  7  8  9 |
---------------+----------------------------+-----
Stealth        | 5 6 7 9 10 | 10.2
Ice Magic      | 1 2 3 4 |  4.0
Spellcasting   | 3 4 5 6 |  6.5
Hexes          | 4 5 6 7 |  7.3
Conjurations   | 2 3 |  3.0
Evocations     | 1 2 |  2.8
Short Blades   | |  1.0
Dodging        | |  2.0

Action                   |  1- 3 |  4- 6 |  7- 9 || total
-------------------------+-------+-------+-------++-------
Melee: Dagger            |    35 |    89 |    84 ||   208
       Tentacles         |     7 |    16 |    29 ||    52
       Constrict         |     6 |    16 |    34 ||    56
       Rapier            |       |       |   101 ||   101
Throw: Dart              |       |       |    14 ||    14
 Cast: Ensorcelled Hiber |     3 |     5 |    46 ||    54
       Tukima's Dance    |       |       |    10 ||    10
       Confusing Touch   |       |       |     2 ||     2
       Dazzling Flash    |       |       |     1 ||     1
 Abil: Evoke Invisibilit |       |       |     4 ||     4
Evoke: Wand              |       |       |     1 ||     1
  Use: Scroll            |       |     7 |     2 ||     9
 Stab: Sleeping          |    12 |    15 |    34 ||    61
       Invisible         |       |       |     7 ||     7
       Distracted        |       |       |     1 ||     1
  Eat: Chunk             |     1 |     5 |    14 ||    20
       Ration            |       |       |     1 ||     1
Armor: Skin              |     2 |     2 |     3 ||     7
Dodge: Dodged            |    11 |    47 |   109 ||   167
